 Dungeon Crawl Stone Soup version 0.21.1-1-g345015f (webtiles) character file.

303 wilfster70 the Gusty (level 5, -1/38 HPs)
             Began as a Demigod Air Elementalist on June 19, 2018.
             Slain by Ethylacetat's ghost (8 damage)
             ... on level 3 of the Dungeon.
             The game lasted 00:15:13 (3376 turns).

wilfster70 the Gusty (Demigod Air Elementalist)     Turns: 3376, Time: 00:15:13

Health: -1/38      AC:  5    Str: 11    XL:     5   Next: 91%
Magic:  11/11      EV: 13    Int: 21    God:
Gold:   120        SH:  0    Dex: 16    Spells: 3/9 levels left

rFire    . . .     SeeInvis .   a - +2 dagger (elec)
rCold    . . .     Gourm    .   (no shield)
rNeg     . . .     Faith    .   n - +0 robe
rPois    +         Spirit   .   o - +0 helmet
rElec    .         Reflect  .   (no cloak)
rCorr    .         Harm     .   f - +0 pair of gloves
MR       .....                  g - +0 pair of boots
Stlth    ++........             (no amulet)
HPRegen  0.12/turn              d - ring of poison resistance
MPRegen  0.12/turn              (no ring)

@: no status effects
A: high mp 1
a: no special abilities


You were on level 3 of the Dungeon.
You were very hungry.

You visited 1 branch of the dungeon, and saw 4 of its levels.

You collected 120 gold pieces.

Inventory:

Hand Weapons
 a - a +2 dagger of electrocution (weapon)
Missiles
 j - 11 tomahawks (quivered)
 p - 63 stones
 t - 16 sling bullets
Armour
 f - a +0 pair of gloves (worn)
 g - a +0 pair of boots (worn)
 k - a +0 leather armour
 n - a +0 robe (worn)
 o - a +0 helmet (worn)
Jewellery
 d - a ring of poison resistance (left hand)
Scrolls
 m - 3 scrolls of remove curse {unknown}
 r - 2 scrolls of enchant weapon {unknown}
 v - a scroll of fog {unknown}
 w - a scroll of magic mapping {unknown}
 x - a scroll of random uselessness {unknown}
Potions
 e - a potion of mutation
 i - a potion of resistance
 l - a potion of lignification
 q - a potion of brilliance {unknown}
 s - a potion of curing {unknown}
 u - a potion of degeneration {unknown}
Books
 b - a book of Air

   Spells                             Type                      Level
   a - Shock                          Conjuration/Air              1
   b - Swiftness                      Charms/Air                   2
   c - Static Discharge               Conjuration/Air              3
   d - Airstrike                      Air                          4
   e - Lightning Bolt                 Conjuration/Air              5
Comestibles
 c - 8 rations


   Skills:
 * Level 2.7 Armour
 + Level 2.8 Dodging
 - Level 2.6 Stealth
 + Level 2.7 Spellcasting
 + Level 2.2 Conjurations
 + Level 3.4 Air Magic


You had 3 spell levels left.
You knew the following spells:

 Your Spells              Type           Power        Failure   Level  Hunger
a - Shock                 Conj/Air       ##..         4%          1    None
b - Swiftness             Chrm/Air       #.......     11%         2    ##.....
c - Static Discharge      Conj/Air       ##......     13%         3    ###....


Dungeon Overview and Level Annotations

Branches:
Dungeon (4/15)
 Temple: D:4-7

Shops:
D:4 !

Annotations:
D:2 Sigmund
D:3 Ethylacetat's ghost, amateur MfMo
D:4 twistedcrescendo's ghost, amateur TeAE


Innate Abilities, Weirdness & Mutations

You have an increased reservoir of magic. (+10% MP)


Message History

The ogre is lightly wounded.
You see here a short sword.
Casting: Shock
Confirm with . or Enter, or press ? or * to list all spells.
Okay, then.
Casting: Shock
Confirm with . or Enter, or press ? or * to list all spells.
You feel quick. The ogre hits you with a giant club!!
Ouch! That really hurt!
You start to feel a little slower.
You feel sluggish.
You start to feel a little faster.
The ogre hits you with a giant club!
You no longer feel sluggish.
Ethylacetat's ghost turns its malevolent gaze towards you.
Ethylacetat's ghost hits you!
* * * LOW HITPOINT WARNING * * *
Ethylacetat's ghost barely misses you. Ethylacetat's ghost hits you!
You die...

..# #..## ##...........O###.
..#######...####...........#.....
...................).......#####.
.<)...######...############# #.
##.##...####....####### #.
#...##....##.#.......# ###.
###...###.....######.########...
###.# ####...#####..........##
#.## ##..@.O....[#####..#
#..#######.#W######## ##.#
#######..................## #.#
..<.......####............## #.#
#########.# #..............# #[##
#.###..............# #..#
#..##..............####..
##.##...............#####
#.##...)............# #


You could see an ogre and Ethylacetat's ghost.

Vanquished Creatures
  A howler monkey (D:4)
  3 orc wizards
  9 adders
  A gnoll (D:4)
  An ooze (D:3)
  An adder skeleton (D:4)
  2 worms (D:3)
  3 dart slugs (D:2)
  A leopard gecko (D:4)
  13 orcs
  3 giant cockroaches
  2 goblins
  6 hobgoblins
  2 quokkas
  A ball python (D:2)
  7 bats
  6 frilled lizards
  5 kobolds
  10 rats
77 creatures vanquished.

Notes
Turn   | Place    | Note
-------+----------+-------------------------------------------
     0 | D:1      | wilfster70 the Demigod Air Elementalist began the quest for the Orb.
     0 | D:1      | Reached XP level 1. HP: 14/14 MP: 5/5
   116 | D:1      | Reached skill level 1 in Conjurations
   564 | D:1      | Reached XP level 2. HP: 20/20 MP: 5/7
   845 | D:2      | Found a sacrificial altar of Ru.
   889 | D:2      | Learned a level 2 spell: Swiftness
   963 | D:2      | Reached XP level 3. HP: 21/26 MP: 3/8
  1025 | D:2      | Reached skill level 1 in Armour
  1121 | D:2      | Noticed Sigmund
  1566 | D:2      | Reached skill level 3 in Air Magic
  1713 | D:3      | Learned a level 3 spell: Static Discharge
  1714 | D:3      | Found a deep blue altar of Sif Muna.
  1922 | D:3      | Reached XP level 4. HP: 33/33 MP: 10/10
  2356 | D:3      | Reached XP level 5. HP: 36/38 MP: 4/11
  2457 | D:3      | Noticed Ethylacetat's ghost (amateur MfMo)
  2782 | D:4      | Found Lynt's Distillery.
  3309 | D:4      | Noticed an ogre
  3310 | D:4      | Noticed twistedcrescendo's ghost (amateur TeAE)
  3376 | D:3      | Slain by Ethylacetat's ghost

Skill      XL: |  1  2  3  4  5 |
---------------+----------------+-----
Conjurations   | 1 2 |  2.2
Stealth        | 2 |  2.6
Dodging        | 2 |  2.8
Spellcasting   | 2 |  2.7
Armour         | 1 2 |  2.7
Air Magic      | 3 |  3.4

Action                   |  1- 3 |  4- 6 || total
-------------------------+-------+-------++-------
Melee: Unarmed           |     1 |       ||     1
       Dagger            |    21 |    26 ||    47
Throw: Tomahawk          |     1 |       ||     1
 Cast: Shock             |    80 |    85 ||   165
       Swiftness         |       |     1 ||     1
  Use: Scroll            |       |     3 ||     3
  Eat: Chunk             |     4 |     3 ||     7
Armor: Robe              |     5 |    13 ||    18
Dodge: Dodged            |    24 |    33 ||    57
